 Dungeon Crawl Stone Soup version 0.31.0-12-g77e489cdc1 (webtiles) character file.

Game seed: 5930735828458200667

109305 Doomgape the Bludgeoner (level 16, -5/95 (96) HPs)
             Began as a Gargoyle Fighter on Feb 22, 2024.
             Was a Priest of Okawaru.
             Slain by a warg (25 damage)
             ... on level 2 of the Orcish Mines on Feb 23, 2024.
             The game lasted 01:21:32 (22980 turns).

Doomgape the Bludgeoner (Gargoyle Fighter)         Turns: 22980, Time: 01:21:33

HP:   -5/95 (96)    AC: 31    Str: 32    XL:     16   Next: 52%
MP:   22/23         EV:  9    Int: 11    God:    Okawaru [***...]
Gold: 1964          SH: 19    Dex:  9    Spells: 15/15 levels left

rFire   . . .        A - +4 flail
rCold   + . .        E - +0 tower shield
rNeg    + . .        G - +0 plate armour {rC+}
rPois   ∞            (no helmet)
rElec   +            (no cloak)
rCorr   .            B - +1 pair of gloves
SInv    .            (no boots)
Will    +....        (no amulet) Stlth
                     m - +6 ring of strength
HPRegen 0.35/turn    z - +4 ring of slaying
MPRegen 0.18/turn

%: no passive effects
@: heroic, flying, lightly drained
A: sickness immunity, AC +12, big wings, negative energy resistance 1,
electricity resistance, torment resistance 1, petrification resistance
a: Renounce Religion, Heroism


You were on level 2 of the Orcish Mines.
You worshipped Okawaru.
Okawaru was most pleased with you.
You visited 4 branches of the dungeon, and saw 20 of its levels.
You also visited: Sewer and Volcano.

You collected 2346 gold pieces.
You spent 382 gold pieces at shops.

Inventory:

Hand Weapons
 y - a +0 morningstar
 A - a +4 flail (weapon)
Missiles
 g - 11 javelins (quivered)
 v - a throwing net
 D - 7 silver javelins
Armour
 B - a +1 pair of gloves (worn)
 E - a +0 tower shield (worn)
 G - a +0 plate armour of cold resistance (worn)
Jewellery
 d - a ring of resist corrosion
 m - a +6 ring of strength (left hand)
 t - a ring of protection from cold
 z - a +4 ring of slaying (right hand)
Wands
 a - a wand of flame (33)
 n - a wand of paralysis (13)
 u - a wand of mindburst (5)
 w - a wand of iceblast (11)
 F - a wand of acid (5)
Scrolls
 b - 4 scrolls of teleportation
 e - 5 scrolls of identify
 x - a scroll of enchant weapon
 C - a scroll of immolation
 J - a scroll of fear
 L - a scroll of amnesia
Potions
 c - a potion of might
 f - 4 potions of mutation
 h - 2 potions of magic
 i - 8 potions of curing
 j - 3 potions of haste
 o - 2 potions of invisibility
 p - 2 potions of heal wounds
 q - 6 potions of berserk rage
 r - 2 potions of lignification
 s - 3 potions of cancellation
 K - a potion of attraction


   Skills:
 + Level 9.0(14.0) Fighting
 - Level 17.9(22.9) Maces & Flails
 - Level 5.1(10.1) Throwing
 + Level 10.8(15.8) Armour
 - Level 14.0(19.0) Shields
 - Level 10.1 Invocations
 + Level 6.9 Evocations


You had 15 spell levels left.
You didn't know any spells.
Your spell library contained the following spells:

 Spells                   Type           Power      Damage    Failure   Level
 Kiss of Death            Conj/Necr      0%         2d5       95%         1
 Blink                    Tloc           0%         N/A       99%         2
 Ensorcelled Hibernation  Hex/Ice        0%         N/A       99%         2
 Lesser Beckoning         Tloc           0%         N/A       99%         2
 Mercury Vapours          Alch/Air       0%         N/A       99%         2
 Momentum Strike          Conj/Tloc      0%         3d8       99%         2
 Confusing Touch          Hex            0%         N/A       100%        3
 Inner Flame              Hex/Fire       0%         N/A       100%        3
 Mephitic Cloud           Conj/Alch/Air  0%         N/A       100%        3
 Passwall                 Erth           0%         N/A       100%        3
 Swiftness                Air            0%         N/A       100%        3
 Brom's Barrelling Bould  Conj/Erth      0%         2d3       100%        4
 Dispel Undead            Necr           0%         3d6       100%        4
 Flame Wave               Conj/Fire      0%         2d4       100%        4
 Leda's Liquefaction      Alch/Erth      0%         N/A       100%        4
 Passage of Golubria      Tloc           0%         N/A       100%        4
 Sticky Flame             Fire/Alch      0%         2d4       100%        4
 Alistair's Intoxication  Alch           0%         N/A       100%        5
 Borgnjor's Vile Clutch   Necr/Erth      0%         N/A       100%        5
 Fireball                 Conj/Fire      0%         3d3       100%        5
 Freezing Cloud           Conj/Ice/Air   0%         6-21      100%        5
 Iskenderun's Battlesphe  Conj           0%         2d6       100%        5
 Lee's Rapid Deconstruct  Erth           0%         3d4*      100%        5
 Silence                  Hex/Air        0%         N/A       100%        5
 Bombard                  Conj/Erth      0%         9d1       100%        6
 Conjure Ball Lightning   Conj/Air       0%         3x3d6     100%        6
 Eringya's Noxious Bog    Alch           0%         4d6       100%        6
 Orb of Destruction       Conj           0%         9d5       100%        7
 Lehudib's Crystal Spear  Conj/Erth      0%         10d2      100%        8
 Chain Lightning          Conj/Air       0%         N/A       100%        9
 Fire Storm               Conj/Fire      0%         5d1       100%        9
 Shatter                  Erth           0%         3d5*      100%        9


Dungeon Overview and Level Annotations

Branches:
Dungeon (12/15)            Temple (1/1) D:4            Lair (5/5) D:11
  Swamp (0/4) Lair:2        Snake (0/4) Lair:3        Slime (0/5) Lair:5
    Orc (2/2) D:10            Elf (0/3) Orc:2         Sewer (visited)
Volcano (visited)

Altars:
Ashenzari
Cheibriados
Dithmenos
Elyvilon
Fedhas
Gozag
Hepliaklqana
Kikubaaqudgha
Makhleb
Nemelex Xobeh
Okawaru
Qazlal
Ru
Sif Muna
Trog
Uskayaw
Vehumet
Wu Jian
Xom
Yredelemnul
Zin
The Shining One
Jiyva

Shops:
D:1 (   Orc:2 !(!=(*

Portals:
Pandemonium: Orc:2

Annotations:
D:3 3 runed translucent doors, Zug's ghost, amateur MiBe
Orc:2 McKennaii's ghost, journeyman DgCj


Innate Abilities, Weirdness & Mutations

You are immune to sickness and miasma.
Your stone body is resilient. (AC +12)
You are immune to poison.
Your large and strong wings let you fly.
You resist negative energy. (rN+)
You are resistant to electric shocks. (rElec)
You are resistant to unholy torment.
You are immune to petrification.


Message History

The warg bites you. You block the warg's attack.
You block McKennaii's ghost's attack. You block the warg's attack.
You closely miss the warg. You block the warg's attack.
The moth of wrath goads the warg on!
The warg goes berserk!
The moth of wrath goads the warg on!
The warg goes berserk!
The warg barely misses you. You block the warg's attack. x3
You barely miss the warg. You block the warg's attack.
The warg closely misses you.
The moth of wrath goads the warg on!
The warg goes berserk!
The moth of wrath goads the warg on!
The warg goes berserk!
You block McKennaii's ghost's attack. You block the warg's attack. x2
You hit the warg.
The warg is lightly wounded.
You block the warg's attack. The warg bites you but does no damage.
You block the warg's attack.
The moth of wrath goads the warg on!
The warg goes berserk!
You block the warg's attack. x2; The warg misses you.
McKennaii's ghost hits you but does no damage.
The warg bites you!
You closely miss the warg.
The warg is lightly wounded.
You block the warg's attack. x4; The warg bites you but does no damage.
The warg rages.
The warg bites you but does no damage.
McKennaii's ghost gestures at you while chanting.
The iron shot hits you!!
You hit the warg.
The warg is lightly wounded.
The warg closely misses you. You block the warg's attack.
The warg bites you but does no damage. You block the warg's attack. x2
Unknown command.
The warg bites you!
The warg rages. x2
The warg attacks as it pursues you! You block the warg's attack. x3
The moth of wrath goads the warg on!
The warg goes berserk!
You block the warg's attack. The warg bites you!
* * * LOW HITPOINT WARNING * * *
Unknown command.
The warg attacks as it pursues you! You block the warg's attack. x4
The warg bites you!!
You die...

..........#.#......#.......#...#
#...#....#..))........#...#.....#
##..........###............#.#.##
###........##.#####....... ##
.##........#...W..##..#...
..........##..#....##....#
#.........# #...#...#...
##...#....# .#.##..# ..
###)..#...##?#hh@#.#
##.).##....#!#hWhh.#
#)####...©#?[.©#...# ###
#....)#?y#h..#.# ##.#)##.....#.##
###)#..#.#...# #)#. #.#...# #.##
..$...# #..# #. .###.


You could see a moth of wrath, 6 wargs and McKennaii's ghost.

Vanquished Creatures
  An orc warlord (Orc:1)
  A stone giant (Volcano)
  Erolcha (D:11)
  3 hydras
  3 demonspawn (Orc:2)
  A catoblepas (Lair:5)
  4 death yaks
  A two-headed ogre (D:8)
  A deep troll shaman (Lair:5)
  Urug (D:10)
  7 orc high priests
  2 soul eaters (Orc:2)
  4 skysharks
  A goliath frog (Lair:2)
  Pikel (D:5)
  8 orc knights
  8 orc sorcerers
  2 cyclopes (D:11)
  A salamander (Lair:3)
  3 kobold blastminers
  16 elephants
  8 black mambas
  2 molten gargoyles (Volcano)
  A gargoyle (D:11)
  A torpor snail (Lair:4)
  2 rime drakes
  2 orange demons (Orc:2)
  3 kobold demonologists (D:10)
  11 cane toads
  An efreet (Volcano)
  5 komodo dragons
  4 trolls
  4 polar bears
  Grinder (D:4)
  3 hornets
  18 blink frogs
  6 dream sheep (Lair:5)
  A shadow (D:10)
  42 yaks
  3 slime creatures (D:12)
  6 wyverns
  4 fire elementals (Volcano)
  A fire bat (Volcano)
  3 basilisks
  3 wargs
  3 steam dragons
  Edmund (D:4)
  An acid dragon (D:9)
  3 nagas (Lair:3)
  18 water moccasins
  Pargi (Sewer)
  34 orc warriors
  An ice beast (D:6)
  A swamp drake (D:10)
  6 black bears
  5 ogres
  16 wolves
  6 centaurs
  A phantom (D:5)
  4 kobold brigands
  16 bullfrogs
  A brain worm (Sewer)
  A gnoll sergeant (D:5)
  5 scorpions
  7 wights
  10 killer bees
  5 howler monkeys
  5 lava snakes (Volcano)
  15 jellies
  29 orc priests
  A gnoll bouda (D:4)
  3 hounds
  An iguana (D:7)
  35 orc wizards
  2 hell rats (Lair:3)
  8 gnolls
  11 adders
  13 river rats
  A white imp (D:7)
  3 ribbon worms
  5 dart slugs
  94 orcs
  11 endoplasms
  9 giant cockroaches
  6 goblins
  4 hobgoblins
  6 jackals
  8 quokkas
  13 ball pythons
  8 bats
  5 frilled lizards
  13 kobolds
  9 rats
669 creatures vanquished.

Vanquished Creatures (others)
  A lindwurm (Lair:4)
  An orc wizard (D:7)
  3 orcs
  A kobold (D:4)
6 creatures vanquished.

Grand Total: 675 creatures vanquished

Notes
Turn   | Place    | Note
-------+----------+-------------------------------------------
     0 | D:1      | Doomgape the Gargoyle Fighter began the quest for the Orb.
     0 | D:1      | Reached XP level 1. HP: 14/14 MP: 1/1
   184 | D:1      | Reached XP level 2. HP: 19/19 MP: 2/2
   465 | D:1      | Reached XP level 3. HP: 24/24 MP: 3/3
   723 | D:1      | Found Suimyado's Weapon Shop.
  1498 | D:2      | Reached XP level 4. HP: 29/29 MP: 4/4
  1887 | D:2      | Reached skill level 3 in Maces & Flails
  1954 | D:2      | Found a faded altar of an unknown god.
  2040 | D:2      | Reached XP level 5. HP: 34/34 MP: 5/5
  2244 | D:3      | Found a sparkling altar of Nemelex Xobeh.
  2496 | D:3      | Noticed Zug's ghost (amateur MiBe)
  2497 | D:3      | Found a runed translucent gate.
  2497 | D:3      | Found a runed translucent gate.
  2497 | D:3      | Found a runed translucent gate.
  2498 | D:3      | Noticed a kobold brigand
  2548 | D:3      | Found a glowing drain.
  2579 | Sewer    | Entered a sewer
  2606 | Sewer    | Reached XP level 6. HP: 38/40 MP: 6/6
  2631 | Sewer    | Reached skill level 5 in Fighting
  2691 | Sewer    | Reached skill level 4 in Maces & Flails
  2691 | Sewer    | Reached skill level 5 in Armour
  2755 | Sewer    | Noticed Pargi
  2798 | Sewer    | Killed Pargi
  2977 | D:3      | Identified the +1 scale mail of the Skies Above {SInv}
  2998 | D:3      | Found a stormy altar of Qazlal.
  3365 | D:3      | Reached XP level 7. HP: 11/44 MP: 7/7
  3669 | D:4      | Found a shimmering altar of Xom.
  3813 | D:4      | Found a staircase to the Ecumenical Temple.
  3838 | Temple   | Entered the Ecumenical Temple
  3882 | Temple   | Became a worshipper of Warmaster Okawaru
  4228 | D:4      | Reached skill level 5 in Maces & Flails
  4395 | D:4      | Noticed Edmund
  4406 | D:4      | Killed Edmund
  4407 | D:4      | Reached XP level 8. HP: 41/52 MP: 8/8
  4476 | D:4      | Noticed Grinder
  4492 | D:4      | Killed Grinder
  4492 | D:4      | Reached * piety under Okawaru
  4642 | D:5      | Entered Level 5 of the Dungeon
  4644 | D:5      | Found a hazy altar of Hepliaklqana.
  4719 | D:5      | Found a snail-covered altar of Cheibriados.
  4937 | D:5      | Reached skill level 6 in Maces & Flails
  5018 | D:5      | Noticed Pikel
  5036 | D:5      | Killed Pikel
  5036 | D:5      | Reached ** piety under Okawaru
  5037 | D:5      | Reached XP level 9. HP: 48/59 MP: 9/9
  5426 | D:6      | Reached skill level 7 in Maces & Flails
  5770 | D:6      | Reached *** piety under Okawaru
  5905 | D:6      | Found an ornate altar of the Wu Jian Council.
  6315 | D:7      | Reached skill level 1 in Invocations
  6483 | D:7      | Found a shimmering blue altar of Sif Muna.
  6499 | D:7      | Reached skill level 8 in Maces & Flails
  6614 | D:7      | Found a radiant altar of Vehumet.
  6714 | D:7      | Reached XP level 10. HP: 38/66 MP: 11/11
  7051 | D:8      | Noticed a two-headed ogre
  7067 | D:8      | Killed a two-headed ogre
  7067 | D:8      | Reached **** piety under Okawaru
  7326 | D:8      | Reached skill level 10 in Armour
  7336 | D:8      | Reached skill level 9 in Maces & Flails
  7485 | D:8      | Reached skill level 5 in Invocations
  7498 | D:8      | Found a white marble altar of Elyvilon.
  7498 | D:8      | Found a glowing golden altar of the Shining One.
  7503 | D:8      | Found a glowing silver altar of Zin.
  8519 | D:9      | Reached ***** piety under Okawaru
  8520 | D:9      | Reached XP level 11. HP: 40/71 MP: 15/15
  8780 | D:9      | Reached skill level 10 in Maces & Flails
  9064 | D:10     | Entered Level 10 of the Dungeon
  9075 | D:10     | Noticed Urug
  9104 | D:10     | Killed Urug
  9494 | D:10     | Reached skill level 11 in Maces & Flails
 10151 | D:10     | Found a staircase to the Orcish Mines.
 10627 | D:10     | Reached skill level 12 in Maces & Flails
 10627 | D:10     | Reached skill level 5 in Throwing
 10627 | D:10     | Reached XP level 12. HP: 76/76 MP: 19/19
 10637 | D:11     | Reached skill level 13 in Maces & Flails
 10736 | D:11     | Reached XP level 13. HP: 58/80 MP: 20/20
 10980 | D:11     | Noticed Erolcha
 10996 | D:11     | Killed Erolcha
 10997 | D:11     | Reached skill level 10 in Invocations
 11740 | D:11     | Found a staircase to the Lair.
 11758 | D:11     | Received a gift from Okawaru
 12055 | Lair:1   | Entered Level 1 of the Lair of Beasts
 12096 | Lair:1   | Reached skill level 5 in Shields
 12453 | Lair:1   | Reached skill level 14 in Maces & Flails
 13205 | Lair:2   | HP: 1/80 [bullfrog (4)]
 13218 | Lair:2   | HP: 2/80 [cane toad (17)]
 13477 | Lair:2   | Found a dark tunnel.
 13486 | Volcano  | Entered a volcano
 13816 | Volcano  | Found a burning altar of Makhleb.
 13842 | Volcano  | Noticed a stone giant
 13851 | Volcano  | Killed a stone giant
 13946 | Volcano  | Identified the +3 pair of gloves "Koewabbiphi" {Harm Int+5}
 14383 | Lair:2   | Received a gift from Okawaru
 14402 | Lair:2   | Reached skill level 15 in Maces & Flails
 14983 | Lair:2   | Found a staircase to the Swamp.
 15232 | Lair:2   | Gained mutation: Your large and strong wings let you fly.
                  | [Gargoyle growth]
 15232 | Lair:2   | Reached XP level 14. HP: 75/86 MP: 21/21
 15637 | Lair:3   | You are sucked into a shaft and drop 2 floors!
 15637 | Lair:5   | Entered Level 5 of the Lair of Beasts
 15955 | Lair:5   | Reached skill level 10 in Shields
 16308 | Lair:5   | Found a staircase to the Slime Pits.
 16308 | Lair:5   | Found a viscous altar of Jiyva.
 16423 | Lair:5   | Reached skill level 16 in Maces & Flails
 16653 | Lair:5   | Reached skill level 5 in Evocations
 16653 | Lair:5   | Reached XP level 15. HP: 90/90 MP: 22/22
 16799 | Lair:4   | Received a gift from Okawaru
 17615 | Lair:3   | Found a staircase to the Snake Pit.
 19520 | Lair:5   | Received a gift from Okawaru
 19521 | Lair:5   | Reached skill level 17 in Maces & Flails
 20226 | Orc:1    | Entered Level 1 of the Orcish Mines
 20257 | Orc:1    | Reached XP level 16. HP: 70/96 MP: 23/23
 20905 | Orc:2    | Entered Level 2 of the Orcish Mines
 21166 | Orc:2    | Found Fagoja's Assorted Antiques.
 21166 | Orc:2    | Paralysed by an orc sorcerer for 2 turns
 21406 | Orc:2    | Found a staircase to the Elven Halls.
 21407 | Orc:2    | Found Kihi's Antique Weapon Boutique.
 21510 | Orc:2    | Noticed McKennaii's ghost (journeyman DgCj)
 21891 | Orc:2    | Found a transporter.
 21918 | Orc:2    | Found Pusyginu's Distillery.
 21974 | Orc:2    | Found Athrituf's Distillery.
 22190 | Orc:2    | Bought a potion of curing for 48 gold pieces
 22190 | Orc:2    | Bought 2 potions of curing for 96 gold pieces
 22192 | Orc:2    | Bought a potion of heal wounds for 70 gold pieces
 22192 | Orc:2    | Bought a potion of heal wounds for 70 gold pieces
 22192 | Orc:2    | Bought a potion of might for 56 gold pieces
 22192 | Orc:2    | Bought a potion of curing for 42 gold pieces
 22700 | Orc:2    | Paralysed by an orc sorcerer for 5 turns
 22909 | Orc:2    | Found Dalu's Antique Weapon Boutique.
 22909 | Orc:2    | Found Covvunur's Jewellery Shop.
 22910 | Orc:2    | Found a one-way gate leading to the halls of Pandemonium.
 22980 | Orc:2    | Slain by a warg

Illustrated notes

Levels and vault maps discovered:
D:1:      matt_arrival_los_fun, layout_basic, serial_shops, shop,
          serial_park_tiny_1
D:2:      layout_loops_ring, shapermc_ecumenical_altar_notcrosses
D:3:      layout_loops_ring, lemuel_doored_altar, mainiacjoe_overflow_boulevard,
          portal_sewer_entry_a, gammafunk_ghost_nasty_kobolds
D:4:      layout_rooms, xom_confusion_cloud, minmay_temple_entry_stoned_glass,
          nrook_loot_triangle, uniq_edmund, uniq_grinder
D:5:      layout_basic, cheibrodos_worm_habitat, mainiacjoe_overflow_paths,
          uniq_pikel
D:6:      layout_loops_cross, mainiacjoe_overflow_concentric_impassable
D:7:      layout_cave_pools, mainiacjoe_overflow_chevrons, vehumet_crystals
D:8:      layout_basic, good_gods_mini_temple, minmay_circle_x
D:9:      layout_roguey, enter_bailey_8
D:10:     layout_basic, erik_orc_1, st_stairs_5, kennysheep_windowed_goal,
          uniq_urug
D:11:     layout_roguey [special_room_orc], david_lair_generic, uniq_erolcha
D:12:     layout_stronghold, enter_trove_2, nicolae_twisty_statue_hallways
Temple:   chequers_temple_sunken
Lair:1:   layout_cave_pods, serial_bayou_shore_b
Lair:2:   layout_long_grid, mainiacjoe_swamp_entry_lozenge_pond, serial_forest,
          infiniplex_forest_lined_room_2, infiniplex_forest_zigzag_1,
          infiniplex_forest_fountain, infiniplex_forest_zigzag_1,
          infiniplex_forest_join, nicolae_volcano_entry_two_sided
Lair:3:   layout_gridlike, alex1729_snake_entry_snake, kennysheep_rathole
Lair:4:   layout_small_grid, serial_bayou, serial_bayou_pond_b,
          serial_bayou_crossing, serial_bayou_shore_a, serial_bayou_pond_d,
          infiniplex_staircase_pool_2
Lair:5:   grunt_lair_end_beastmaster, layout_small_grid,
          minmay_slime_entry_jelly_boxes
Orc:1:    layout_caves
Orc:2:    pf_orc_diabolical, layout_caves, gammafunk_ghost_berserking_beasts,
          guppyfry_orc_lava_fort

Skill      XL: |  1  2  3  4  5  6  7  8  9 10 11 12 13 14 15 16 |
---------------+-------------------------------------------------+-----
Fighting       | 4 5 6 7 9 |  9.0
Armour         | 4 5 6 7 9 10 | 10.8
Maces & Flails | 3 4 5 6 8 9 12 13 15 16 17 | 17.9
Invocations    | 2 6 9 10 | 10.1
Throwing       | 5 |  5.1
Shields        | 9 11 12 14 | 14.0
Evocations     | 5 6 |  6.9

Action                     |  1- 3 |  4- 6 |  7- 9 | 10-12 | 13-15 | 16-18 || total
---------------------------+-------+-------+-------+-------+-------+-------++-------
  Melee: Flail             |   123 |   235 |   383 |   390 |  1094 |   501 ||  2726
 Invoke: Heroism           |       |       |     1 |    13 |    20 |    15 ||    49
         Finesse           |       |       |       |       |     1 |     2 ||     3
  Evoke: Wand              |       |     1 |     1 |     1 |     6 |     9 ||    18
    Use: Scroll            |       |     7 |     8 |     7 |     5 |     1 ||    28
         Potion            |       |     2 |     2 |     4 |     5 |     2 ||    15
   Stab: Petrified         |       |       |       |       |     9 |       ||     9
 Armour: Scale mail        |   128 |   215 |   231 |       |       |       ||   574
         Plate armour      |       |       |   207 |   293 |   799 |   250 ||  1549
  Dodge: Dodged            |   108 |   156 |   191 |   133 |   268 |    70 ||   926
  Block: Buckler           |    42 |    67 |   124 |   120 |   112 |       ||   465
         Tower shield      |       |       |       |       |   771 |   437 ||  1208
